 Dungeon Crawl Stone Soup version 0.27.1-34-g3ba077fa99 (webtiles) character file.

Game seed: 3994145804982049862

938 pkoi the Martial Artist (level 7, -1/54 HPs)
             Began as a Green Draconian Monk on Jan 5, 2022.
             Was a Believer of Hepliaklqana.
             Slain by a two-headed ogre (20 damage)
             ... on level 5 of the Dungeon.
             The game lasted 00:09:36 (6118 turns).

pkoi the Martial Artist (Green Draconian Monk)      Turns: 6118, Time: 00:09:36

Health: -1/54      AC:  6    Str: 13    XL:     7   Next: 87%
Magic:  7/7        EV: 13    Int: 12    God:    Hepliaklqana [**....]
Gold:   295        SH:  0    Dex: 14    Spells: 6/6 levels left

rFire    . . .     SeeInvis .     - Unarmed
rCold    + . .     Faith    .   (no shield)
rNeg     . . .     Spirit   .   (armour unavailable)
rPois    +         Reflect  .   (helmet restricted)
rElec    .         Harm     .   (no cloak)
rCorr    .         Rampage  .   (no gloves)
Will     .....                  (no boots)
Stlth    ++........             (no amulet)
HPRegen  0.18/turn              e - ring of protection from cold
MPRegen  0.10/turn              (no ring)

@: short of breath
A: reduced essence, breathe noxious fumes, AC +6, unfitting armour, poison
resistance, cold-blooded
a: Breathe Noxious Fumes, Renounce Religion, Recall Ancestor, Ancestor Identity


You were on level 5 of the Dungeon.
You worshipped Hepliaklqana.
Hepliaklqana was pleased with you.
You visited 2 branches of the dungeon, and saw 6 of its levels.

You collected 295 gold pieces.

Inventory:

Hand Weapons
 c - a +0 dagger
 g - a +0 dagger of venom
Missiles
 b - 72 poisoned darts (quivered)
Armour
 h - a +0 pair of boots
Jewellery
 e - a ring of protection from cold (left hand)
Wands
 n - a wand of iceblast (8)
Scrolls
 a - a scroll of teleportation
 i - 2 scrolls of identify
 j - a scroll of fear
 o - a scroll of amnesia
Potions
 d - a potion of cancellation
 f - a potion of flight
 k - a potion of invisibility {unknown}
 l - a potion of brilliance
 m - 2 potions of magic {unknown}


   Skills:
 + Level 5.1 Fighting
 + Level 4.2 Dodging
 - Level 1.7 Stealth
 * Level 8.0 Unarmed Combat


You had 6 spell levels left.
You didn't know any spells.
Your spell library contained the following spells:

 Spells                   Type           Power      Damage    Failure   Level
 Freeze                   Ice            0%         1d3       32%         1
 Static Discharge         Conj/Air       0%         N/A       45%         2
 Frozen Ramparts          Ice            0%         1d2       69%         3
 Animate Dead             Necr           0%         N/A       97%         4
 Dispel Undead            Necr           0%         3d6       97%         4
 Hailstorm                Conj/Ice       0%         3d3       97%         4
 Sticky Flame             Conj/Fire      0%         2d3       97%         4
 Alistair's Intoxication  Tmut/Pois      0%         N/A       100%        5
 Borgnjor's Vile Clutch   Necr/Erth      0%         N/A       100%        5
 Death Channel            Necr           0%         N/A       100%        6
 Eringya's Noxious Bog    Tmut/Pois      0%         N/A       100%        6


Dungeon Overview and Level Annotations

Branches:
Dungeon (5/15)             Temple (1/1) D:5

Altars:
Cheibriados
Elyvilon
Fedhas
Gozag
Hepliaklqana
Kikubaaqudgha
Makhleb
Nemelex Xobeh
Qazlal
Ru
Uskayaw
Vehumet
Wu Jian
Xom
Yredelemnul
Zin

Annotations:
D:4 2 transporters


Innate Abilities, Weirdness & Mutations

Your life essence is reduced to manifest your ancestor. (-10% HP)
You can breathe blasts of noxious fumes.
Your lurid green scales are hard. (AC +6)
You cannot fit into any form of body armour.
Your system is resistant to poisons. (rPois)
You are cold-blooded and may be slowed by cold attacks.


Message History

You swap places.
You see here a hound corpse.
You completely miss the two-headed ogre.
The two-headed ogre is lightly wounded.
The two-headed ogre is engulfed in noxious fumes.
The two-headed ogre hits you with a +0 giant club!!
* * * LOW HITPOINT WARNING * * *
The two-headed ogre barely misses you.
You barely miss the two-headed ogre.
The two-headed ogre is lightly wounded.
The two-headed ogre is engulfed in noxious fumes.
The two-headed ogre appears confused.
The two-headed ogre is engulfed in noxious fumes.
The two-headed ogre appears confused.
The two-headed ogre barely misses you.
The two-headed ogre hits you with a +0 giant club!
* * * LOW HITPOINT WARNING * * *
You swap places.
Ana hits the two-headed ogre with a +0 flail!
What are your orders? t - Shout!
Orders for allies: a - Attack new target. p - Attack previous target. r - Retreat! s - Stop attacking. g - Guard the area. f - Follow me.
Anything else - Cancel.
Gang up on whom?
Press: ? - help, Dir - move target, f/p - two-headed ogre
Aim: a two-headed ogre, wielding two +0 giant clubs (moderately wounded, confused, ally target) Attack!
Ana blocks the two-headed ogre's attack. x2
Ana hits the two-headed ogre with a +0 flail!
Ana hits the two-headed ogre with a +0 flail.
You see here a hound corpse.
Ana blocks the two-headed ogre's attack.
The two-headed ogre hits Ana but does no damage.
Ana hits the two-headed ogre with a +0 flail!
Ana hits the two-headed ogre with a +0 flail!
You swap places.
The two-headed ogre hits you with a +0 giant club!!
You die...

.##....#.........# #..........
.....#
#.#....#######.###.#####
#....###.....####.##.###.## #
..#...#...#...............# #
. #.....#....##.....#.#<.# #
..# ###.>.#####..........#..##
#....#)....#....##...........#
#..#...#...#..####.#.#.#.#.##
#....###.....@R.†...##....#
#...#.#.#..#O######.......#
#.#...#...##.# #####.###
#.#...#..#.....# #.#
####.#.#...##...O.# #.#
..........###.....# #.#
######.#### #.....# ###.# #.#
#... .# #...# #.# # #.###


You could see the friendly Ana the knight and a two-headed ogre (ally target).

Vanquished Creatures
  3 ogres
  A water moccasin zombie (D:5)
  A centaur zombie (D:5)
  A hound (D:4)
  An orc priest (D:3)
  2 bullfrog zombies (D:5)
  A jelly (D:4)
  Ijyb (D:4)
  2 iguanas
  2 orc wizards
  A scorpion zombie (D:5)
  A hound skeleton (D:4)
  5 adders
  A white imp (D:3)
  An adder zombie (D:4)
  3 worms
  3 dart slugs
  10 orcs
  9 endoplasms
  3 giant cockroaches
  8 goblins
  9 hobgoblins
  4 jackals (D:1)
  8 kobolds
  7 quokkas
  13 ball pythons
  9 bats
  2 frilled lizards
  4 rats
116 creatures vanquished.

Vanquished Creatures (collateral kills)
  2 hounds (D:5)
  A scorpion zombie (D:5)
  A howler monkey zombie (D:5)
4 creatures vanquished.

Vanquished Creatures (others)
  A withered plant (D:5)
1 creature vanquished.

Grand Total: 121 creatures vanquished

Notes
Turn   | Place    | Note
-------+----------+-------------------------------------------
     0 | D:1      | pkoi the Draconian Monk began the quest for the Orb.
     0 | D:1      | Reached XP level 1. HP: 19/19 MP: 1/1
   123 | D:1      | Reached XP level 2. HP: 20/26 MP: 2/2
   457 | D:1      | Reached skill level 4 in Unarmed Combat
   574 | D:1      | Found a faded altar of an unknown god.
   674 | D:1      | Reached XP level 3. HP: 31/31 MP: 3/3
  1796 | D:2      | Reached skill level 5 in Unarmed Combat
  1796 | D:2      | Reached XP level 4. HP: 28/38 MP: 4/4
  2828 | D:3      | HP: 1/57 [orc priest/divine providence (13)]
  2839 | D:3      | Reached XP level 5. HP: 3/45 MP: 5/5
  2840 | D:3      | Reached skill level 6 in Unarmed Combat
  3517 | D:4      | Found a transporter.
  3653 | D:4      | Found a transporter.
  3674 | D:4      | Noticed an ogre
  3805 | D:2      | Killed an ogre
  3806 | D:2      | Reached XP level 6. HP: 26/52 MP: 6/6
  4197 | D:4      | Reached skill level 7 in Unarmed Combat
  4808 | D:5      | Entered Level 5 of the Dungeon
  4825 | D:5      | Found a staircase to the Ecumenical Temple.
  4826 | D:5      | Noticed Ijyb
  4861 | D:4      | Your scales start taking on a lurid green colour.
  4861 | D:4      | Reached XP level 7. HP: 21/59 MP: 7/7
  4861 | D:4      | Gained mutation: Your system is resistant to poisons.
                  | (rPois) [Green Draconian growth]
  5094 | D:4      | Killed Ijyb
  5191 | Temple   | Entered the Ecumenical Temple
  5432 | Temple   | Became a worshipper of Hepliaklqana the Forgotten
  5432 | Temple   | Reached * piety under Hepliaklqana
  5432 | Temple   | Reached ** piety under Hepliaklqana
  5447 | D:5      | Remembered your ancestor Ana as a knight
  5974 | D:5      | Reached skill level 5 in Fighting
  5974 | D:5      | Reached skill level 8 in Unarmed Combat
  6051 | D:5      | Noticed a two-headed ogre
  6118 | D:5      | Slain by a two-headed ogre

Illustrated notes

Levels and vault maps discovered:
D:1:      evilmike_arrival_hilbert_curve, layout_loops_cross,
          hellmonk_ecumenical_altar_heavens_door
D:2:      layout_loops_ring
D:3:      layout_basic, minmay_box_of_dots
D:4:      gammafunk_cloud_chamber, layout_basic, minmay_bent
D:5:      layout_loops_cross, minmay_temple_entry_arrows, serial_undead,
          serial_undead_b, serial_undead_b, serial_undead_f, serial_undead_c,
          minmay_misc_feat_nine_boxes, uniq_ijyb
Temple:   nicolae_temple_elliptical

Skill      XL: |  1  2  3  4  5  6  7 |
---------------+----------------------+-----
Unarmed Combat | 4 5 6 7 8 |  8.0
Dodging        | 3 4 |  4.2
Fighting       | 4 5 |  5.1
Stealth        | |  1.7

Action                   |  1- 3 |  4- 6 |  7- 9 || total
-------------------------+-------+-------+-------++-------
Melee: Unarmed           |   144 |   151 |    82 ||   377
       Tailslap          |    16 |    22 |    20 ||    58
       Punch             |     3 |     3 |     2 ||     8
       Dagger            |       |    35 |     3 ||    38
Throw: Dart              |       |    11 |       ||    11
Invok: Ancestor Life: Kn |       |       |     1 ||     1
       Ancestor Identity |       |       |     1 ||     1
 Abil: Breathe Noxious F |       |       |     4 ||     4
  Use: Scroll            |     7 |     4 |       ||    11
       Potion            |       |     7 |       ||     7
 Stab: Sleeping          |     5 |     6 |     2 ||    13
       Distracted        |     1 |     2 |       ||     3
       Confused          |       |       |     4 ||     4
Armor: Skin              |    45 |    48 |    26 ||   119
Dodge: Dodged            |    96 |    78 |    54 ||   228
